 Dungeon Crawl Stone Soup version 0.24-a0-375-g4de66ed42b (console) character file.

Game seed: 16687657282132378614

2528 Lexodia the Ruffian (level 9, -6/81 HPs)
             Began as a Troll Fighter on May 31, 2019.
             Mangled by a two-headed ogre
             ... wielding a +0 giant club
              (30 damage)
             ... on level 8 of the Dungeon.
             The game lasted 00:15:13 (5998 turns).

Lexodia the Ruffian (Troll Fighter)                 Turns: 5998, Time: 00:15:14

Health: -6/81      AC:  8    Str: 31    XL:     9   Next: 29%
Magic:  8/8        EV:  9    Int:  4    God:
Gold:   410        SH: 11    Dex: 10    Spells: 8/8 levels left

rFire    . . .     SeeInvis .     - Unarmed
rCold    . . .     Gourm    +   b - +0 shield
rNeg     . . .     Faith    .   a - +0 robe
rPois    .         Spirit   .   (helmet restricted)
rElec    .         Reflect  .   u - +1 cloak
rCorr    .         Harm     .   (gloves unavailable)
MR       .....                  (boots unavailable)
Stlth    ++........             j - amulet of rage
HPRegen  0.63/turn              v - ring of stealth
MPRegen  0.11/turn              m - +3 ring of strength

@: no status effects
A: large, unfitting armour, claws 3, fast metabolism 3, gourmand, regeneration
1, shaggy fur 1, tough skin 3
a: Evoke Berserk Rage


You were on level 8 of the Dungeon.
You were completely stuffed.

You visited 2 branches of the dungeon, and saw 9 of its levels.

You collected 410 gold pieces.

Inventory:

Missiles
 e - 129 stones
 l - 2 atropa-tipped darts
 p - 3 boomerangs
 t - 4 large rocks (quivered)
Armour
 a - a +0 robe (worn)
 b - a +0 shield (worn)
 u - a +1 cloak (worn)
Jewellery
 j - an amulet of rage (around neck)
 m - a +3 ring of strength (right claw)
 v - a ring of stealth (left claw)
Wands
 q - a wand of disintegration (26)
Scrolls
 g - 2 scrolls of remove curse
 h - 2 scrolls of teleportation
 n - 4 scrolls of identify
 r - a scroll of fog {unknown}
 s - a scroll of magic mapping {unknown}
Potions
 c - a potion of might
 f - a potion of ambrosia {unknown}
 i - a potion of brilliance {unknown}
 k - a potion of lignification
 o - a potion of berserk rage
 w - a potion of degeneration
Comestibles
 d - 14 rations
 x - a chunk of flesh


   Skills:
 - Level 3.0 Fighting
 + Level 6.2 Throwing
 - Level 1.0 Armour
 - Level 3.0 Dodging
 - Level 1.0 Stealth
 + Level 6.3 Shields
 + Level 7.2 Unarmed Combat


You had 8 spell levels left.
You didn't know any spells.
Your spell library contained the following spells:

 Spells                   Type           Power        Failure   Level  Hunger
 Confusing Touch          Hex            #.....       71%         1    ##.....
 Confuse                  Hex            #.......     97%         3    ####...
 Gell's Gravitas          Tloc           #.........   97%         3    ####...
 Petrify                  Tmut/Erth      #.......     100%        4    #####..
 Metabolic Englaciation   Hex/Ice        #.........   100%        5    ######.
 Yara's Violent Unravell  Hex/Tmut       #.........   100%        5    ######.


Dungeon Overview and Level Annotations

Branches:
Dungeon (8/15)             Temple (1/1) D:4
   Lair: D:8-11

Altars:
Ashenzari
Dithmenos
Elyvilon
Fedhas
Gozag
Hepliaklqana
Kikubaaqudgha
Makhleb
Nemelex Xobeh
Qazlal
Ru
Sif Muna
Trog
Uskayaw
Wu Jian
Xom
Yredelemnul
The Shining One


Innate Abilities, Weirdness & Mutations

You are too large for most types of armour.
You have claws for hands.
Your metabolism is lightning-fast.
You like to eat raw meat.
Your natural rate of healing is unusually fast.
You are covered in fur. (AC +1)
You have extremely tough skin. (AC +3)


Message History

You claw the two-headed ogre!
The two-headed ogre is moderately wounded.
The two-headed ogre hits you with a +0 giant club!
The two-headed ogre hits you with a +0 giant club.
The orc hits you but does no damage. The orc barely misses you.
Damage: -10%(-8hp) hp: 63%(51hp)
You barely miss the two-headed ogre.
The two-headed ogre is moderately wounded.
You block the orc's attack. The orc hits you but does no damage.
The two-headed ogre hits you with a +0 giant club!!
* * * LOW HITPOINT WARNING * * *
The two-headed ogre barely misses you. The orc misses you.
Huge Dmg: -33%(-27hp) hp: 30%(24hp)
You scratch the two-headed ogre.
The two-headed ogre is moderately wounded.
The orc hits you but does no damage.
An orc wizard comes into view. It is wielding a +0 dagger.
The orc misses you.
The two-headed ogre hits you with a +0 giant club!!
You die...

#....##........
#######.....#######+#
#......# ......#
#......# .......
#......# .......
##.....# .......
##.....# ......#
#......##o.....#
#.......@o......
#......O)o..o..#
##.....##......#
####'## ......o ...
......# ... #######
... #..


You could see a two-headed ogre, an orc wizard and 4 orcs.

Vanquished Creatures
  Grinder (D:4)
  An orc warrior (D:6)
  A sky beast (D:6)
  4 ogres
  4 centaurs
  2 big kobolds
  3 bullfrogs
  3 wights (D:7)
  3 crimson imps
  A quasit (D:5)
  2 hounds
  A jelly (D:8)
  7 orc priests
  Crazy Yiuf (D:6)
  2 centaur skeletons
  4 orc wizards
  An iguana (D:4)
  3 worker ants
  A hound zombie (D:6)
  A hound skeleton (D:6)
  A worker ant zombie (D:7)
  Robin (D:2)
  8 adders
  4 gnolls
  2 shadow imps
  An ooze (D:7)
  An adder zombie (D:2)
  2 adder skeletons
  A worm (D:2)
  A dart slug (D:1)
  A leopard gecko (D:5)
  22 orcs
  2 bats (D:1)
  8 giant cockroaches
  12 goblins
  12 hobgoblins
  11 jackals
  2 quokkas
  5 frilled lizards
  A giant cockroach zombie (D:6)
  A jackal zombie (D:6)
  16 kobolds
  A leopard gecko skeleton (D:4)
  7 rats
169 creatures vanquished.

Notes
Turn   | Place    | Note
-------+----------+-------------------------------------------
     0 | D:1      | Lexodia the Troll Fighter began the quest for the Orb.
     0 | D:1      | Reached XP level 1. HP: 22/22 MP: 0/0
   172 | D:1      | Huge Dmg: 8 dmg
   176 | D:1      | Reached XP level 2. HP: 17/29 MP: 1/1
   544 | D:1      | Reached XP level 3. HP: 36/36 MP: 2/2
  1276 | D:2      | Reached skill level 1 in Throwing
  1614 | D:2      | Noticed Robin
  1644 | D:2      | Reached XP level 4. HP: 31/44 MP: 3/3
  1652 | D:2      | Huge Dmg: 11 dmg
  1653 | D:2      | Huge Dmg: 5 dmg
  1665 | D:2      | Huge Dmg: 7 dmg
  1667 | D:2      | Huge Dmg: 3 dmg
  1673 | D:2      | Killed Robin
  1909 | D:3      | Found a shimmering altar of Xom.
  1910 | D:3      | Found a bloodstained altar of Trog.
  1912 | D:3      | Found a glowing golden altar of the Shining One.
  1912 | D:3      | Found a blossoming altar of Fedhas.
  1955 | D:3      | Reached skill level 1 in Armour
  2119 | D:3      | Huge Dmg: 11 dmg
  2123 | D:3      | Huge Dmg: 8 dmg
  2128 | D:3      | Huge Dmg: 7 dmg
  2129 | D:3      | Huge Dmg: 13 dmg
  2130 | D:3      | Reached skill level 1 in Stealth
  2130 | D:3      | Reached XP level 5. HP: 8/52 MP: 4/4
  2661 | D:4      | Found a sacrificial altar of Ru.
  2702 | D:4      | Found a hazy altar of Hepliaklqana.
  2706 | D:4      | Noticed Grinder
  2718 | D:4      | Huge Dmg: 14 dmg
  2728 | D:4      | Killed Grinder
  2728 | D:4      | Reached skill level 3 in Unarmed Combat
  2728 | D:4      | Reached XP level 6. HP: 34/61 MP: 5/5
  2816 | D:4      | Found a staircase to the Ecumenical Temple.
  2847 | Temple   | Entered the Ecumenical Temple
  3172 | D:4      | Huge Dmg: 13 dmg
  3173 | D:4      | Huge Dmg: 7 dmg
  3224 | D:4      | Found a basalt altar of Yredelemnul.
  3355 | D:4      | Reached skill level 4 in Unarmed Combat
  3355 | D:4      | Reached XP level 7. HP: 57/67 MP: 6/6
  3364 | D:5      | Entered Level 5 of the Dungeon
  3571 | D:5      | Found a sparkling altar of Nemelex Xobeh.
  3572 | D:5      | Found a bloodstained altar of Trog.
  3949 | D:5      | Huge Dmg: 12 dmg
  3983 | D:5      | Found a white marble altar of Elyvilon.
  4302 | D:6      | Huge Dmg: 12 dmg
  4302 | D:6      | Reached skill level 5 in Unarmed Combat
  4339 | D:6      | Reached XP level 8. HP: 65/75 MP: 7/7
  4343 | D:6      | Huge Dmg: 14 dmg
  4446 | D:6      | Reached skill level 5 in Shields
  4476 | D:6      | Huge Dmg: 24 dmg
  4710 | D:6      | Reached skill level 5 in Throwing
  4750 | D:6      | Reached skill level 6 in Unarmed Combat
  4764 | D:6      | Huge Dmg: 12 dmg
  4781 | D:6      | Huge Dmg: 11 dmg
  4784 | D:6      | Huge Dmg: 17 dmg
  4785 | D:6      | Huge Dmg: 6 dmg
  4789 | D:6      | Huge Dmg: 9 dmg
  4790 | D:6      | Huge Dmg: 12 dmg
  5242 | D:6      | Found a runed translucent door.
  5243 | D:6      | Noticed Crazy Yiuf
  5253 | D:6      | Killed Crazy Yiuf
  5408 | D:7      | Reached XP level 9. HP: 75/81 MP: 8/8
  5445 | D:7      | Found a deep blue altar of Sif Muna.
  5920 | D:8      | Reached skill level 7 in Unarmed Combat
  5990 | D:8      | Noticed a two-headed ogre
  5998 | D:8      | Huge Dmg: 27 dmg
  5998 | D:8      | Mangled by a two-headed ogre

Levels and vault maps discovered:
D:1:      minmay_arrival_shattered_statue, layout_loops_ring, amethyst_killhole,
          chequers_serial_rivers_large_b, hangedman_abyss_or_decor_stabs
D:2:      layout_basic, uniq_robin
D:3:      layout_basic, chequers_temple_overflow_statue_of_worship, fountainhead
D:4:      layout_basic, kennysheep_mini_moat, lemuel_crystal_altar,
          minmay_temple_entry_stoned_glass, first_ration, bh_chokoban,
          nicolae_ru_great_annihilating_truth, uniq_grinder
D:5:      layout_cave_pods, nemelex_xobeh_ov_fountains_minmay,
          nicolae_overflow_crystal_walls, trog_book
D:6:      layout_basic, uniq_crazy_yiuf_cottage
D:7:      layout_loops_ring, lemuel_blue_sif_altar
D:8:      layout_gridville, okawaru_ov_weapons_minmay, cheibriados_altar_1,
          fiery_altar_vehumet, minmay_misc_feat_tower
Temple:   jpeg_temple_alley_garden

Skill      XL: |  1  2  3  4  5  6  7  8  9 |
---------------+----------------------------+-----
Throwing       | 1 2 3 4 5 6 |  6.2
Armour         | 1 |  1.0
Stealth        | 1 |  1.0
Fighting       | 3 |  3.0
Dodging        | 3 |  3.0
Shields        | 3 4 5 6 |  6.3
Unarmed Combat | 3 4 5 6 7 |  7.2

Action                   |  1- 3 |  4- 6 |  7- 9 || total
-------------------------+-------+-------+-------++-------
Melee: Unarmed           |   120 |   184 |   288 ||   592
Throw: Stone             |       |    26 |    12 ||    38
       Large rock        |       |       |     7 ||     7
Evoke: Wand              |       |       |     1 ||     1
  Use: Scroll            |       |       |     7 ||     7
       Potion            |       |       |     3 ||     3
 Stab: Sleeping          |     1 |     1 |     4 ||     6
       Invisible         |       |     1 |       ||     1
  Eat: Chunk             |    17 |    17 |    27 ||    61
Armor: Robe              |    38 |    43 |    69 ||   150
       Skin              |       |       |    23 ||    23
Dodge: Dodged            |    37 |    46 |    89 ||   172
Block: Shield            |    40 |    78 |   159 ||   277

Table legend:
 A = Non-vault XP
 B = Vault XP
 C = Vault XP percentage of total XP
 D = Non-vault monster count
 E = Vault monster count
 F = Vault count percentage of total count
                 A         B        C        D         E       F
            +---------+---------+-------+---------+---------+-------
      Total |    3231 |     381 |  10.5 |     150 |      19 |  11.2
            +---------+---------+-------+---------+---------+-------
        D:1 |      57 |       0 |   0.0 |      26 |       0 |   0.0
        D:2 |      39 |      37 |  48.7 |      11 |      13 |  54.2
        D:3 |      98 |       0 |   0.0 |      17 |       0 |   0.0
        D:4 |     217 |     303 |  58.3 |       9 |       5 |  35.7
        D:5 |     494 |       0 |   0.0 |      14 |       0 |   0.0
        D:6 |    1428 |      41 |   2.8 |      50 |       1 |   2.0
        D:7 |     541 |       0 |   0.0 |      11 |       0 |   0.0
        D:8 |     357 |       0 |   0.0 |      12 |       0 |   0.0
            +---------+---------+-------+---------+---------+-------
